 Dungeon Crawl Stone Soup version 0.30.1-11-g7821555f0a (webtiles) character file.

Game seed: 9820073466377004185

259 PaiMei the Purveyor of Pain (level 5, 0/31 (38) HPs)
             Began as a Demonspawn Necromancer on Jan 10, 2024.
             Was an Initiate of Kikubaaqudgha.
             Slain by a wight
             ... wielding a +2 short sword
              (6 damage)
             ... on level 4 of the Dungeon.
             The game lasted 00:03:49 (4197 turns).

PaiMei the Purveyor of Pain (DsNe)                  Turns: 4197, Time: 00:03:50

HP:   0/31 (38)     AC:  4    Str:  9    XL:     5   Next: 95%
MP:   9/9           EV: 13    Int: 18    God:    Kikubaaqudgha [......]
Gold: 123           SH:  0    Dex: 13    Spells: 9/10 levels left

rFire   . . .        m - +2 short sword (drain)
rCold   . . .        (no shield)
rNeg    . . .        a - +0 robe
rPois   .            (no helmet)
rElec   .            (no cloak)
rCorr   .            (no gloves)
SInv    .            (no boots)
Will    .....        (no amulet)
Stlth   ++           (no ring)
HPRegen 0.25/turn    (no ring)
MPRegen 0.11/turn

%: no passive effects
@: heavily drained
A: thin metallic scales 1, foul stench 2
a: Renounce Religion


You were on level 4 of the Dungeon.
You worshipped Kikubaaqudgha.
Kikubaaqudgha was noncommittal.
You visited 1 branch of the dungeon, and saw 4 of its levels.

You collected 123 gold pieces.

Inventory:

Hand Weapons
 f - a +1 dagger of venom
 m - a +2 short sword of draining (weapon)
Missiles
 p - 4 poisoned darts (quivered)
Armour
 a - a +0 robe (worn)
 o - the +4 leather armour "Onkyocor" {Drain rF+ Regen+ Int+2}
   (You found it on level 2 of the Dungeon)

   Int:       It affects your intelligence (+2).
   rF:        It protects you from fire.
   Regen:     It increases your rate of health regeneration.
   Drain:     It drains your maximum health when unequipped.
Scrolls
 c - 2 scrolls of amnesia {unknown}
 d - a scroll of fear {unknown}
 e - 3 scrolls of teleportation {unknown}
 g - 8 scrolls of identify {unknown}
Potions
 b - 3 potions of magic
 h - a potion of brilliance {unknown}
 i - 3 potions of flight {unknown}
 j - a potion of mutation {unknown}
 k - a potion of attraction {unknown}
 l - 2 potions of invisibility {unknown}
 n - a potion of lignification {unknown}
 q - a potion of haste {unknown}
 r - 2 potions of curing {unknown}
 s - a potion of might {unknown}


   Skills:
 + Level 2.2 Fighting
 + Level 3.2 Dodging
 - Level 2.3 Stealth
 + Level 3.2 Spellcasting
 + Level 5.4 Necromancy


You had 9 spell levels left.
You knew the following spells:

 Your Spells              Type           Power      Damage    Failure   Level
a - Necrotise             Necr           88%        1d8       1%          1

Your spell library contained the following spells:

 Spells                   Type           Power      Damage    Failure   Level
 Vampiric Draining        Necr           22%        2d7       4%          3
 Kiss of Death            Conj/Necr      48%        2d9       5%          1
 Animate Dead             Necr           22%        N/A       17%         4
 Dispel Undead            Necr           22%        3d12      17%         4
 Confusing Touch          Hex            2%         N/A       43%         3
 Agony                    Necr           22%        N/A       43%         5


Dungeon Overview and Level Annotations

Branches:
Dungeon (4/15)
 Temple: D:4-7

Altars:
Kikubaaqudgha
Uskayaw


Innate Abilities, Weirdness & Mutations

You are partially covered in thin metallic scales. (AC +2)
You sometimes emit foul miasma when damaged in melee.


Message History

The wight hits you with a +2 short sword.
You feel drained.
You hit the wight but do no damage.
The wight is lightly damaged.
The wight closely misses you.
You hit the wight.
The wight is moderately damaged.
The wight closely misses you.
You closely miss the wight.
The wight is moderately damaged.
The wight hits you with a +2 short sword.
You feel drained.
You hit the wight but do no damage.
The wight is moderately damaged.
The wight closely misses you.
You hit the wight but do no damage.
The wight is moderately damaged.
The wight barely misses you.
You hit the wight but do no damage.
The wight is moderately damaged.
The wight hits you with a +2 short sword.
You feel drained.
You emit a cloud of foul miasma!
You hit the wight.
The wight is heavily damaged.
The wight hits you with a +2 short sword.
You hit the wight but do no damage.
The wight is heavily damaged.
The wight hits you with a +2 short sword.
You hit the wight but do no damage.
The wight is heavily damaged.
The wight hits you with a +2 short sword!
* * * LOW HITPOINT WARNING * * *
You hit the wight.
The wight is heavily damaged.
The wight barely misses you.
You closely miss the wight.
The wight is heavily damaged.
The wight hits you with a +2 short sword.
You die...
Kikubaaqudgha rasps: "You have failed me!
Welcome... death!"

...'.......#..# ..##+##..#
...#######.#..# #.#
##...##.# ..)# #.#..# +.+
#..#..#.# ...# #####.#..#
#.# #.#.#.#.# ...#
#.....'.># +.+ +..#..'.#
...# #.....#..# #.#
#.#.#.#.## #### #.....#..#
+.+ .#..#..#..#
#######.####.####.##...##..#
#.##z@.'_#...##+##...#
#.####.###.#.........#
#.##.'.'.#.#######..##
.####.###.# #...## #'###.#
#.### #.##8#.#8#.#####.#
#................#
##################


You could see a wight.

Vanquished Creatures
  A scorpion (D:2)
  A human zombie (D:4)
  An orc priest (D:3)
  A hound zombie (D:4)
  A mummy (D:4)
  3 adders
  2 worms (D:2)
  4 dart slugs
  6 orcs
  2 endoplasms
  5 giant cockroaches
  2 goblins
  10 hobgoblins
  3 kobolds
  3 quokkas
  7 ball pythons
  3 bats
  3 frilled lizards
  8 rats
66 creatures vanquished.

Vanquished Creatures (collateral kills)
  A dart slug (D:3)
  A bat (D:2)
  A goblin (D:2)
  A rat (D:3)
4 creatures vanquished.

Grand Total: 70 creatures vanquished

Notes
Turn   | Place    | Note
-------+----------+-------------------------------------------
     0 | D:1      | PaiMei the Demonspawn Necromancer began the quest for the
                  | Orb.
     0 | D:1      | Reached XP level 1. HP: 13/13 MP: 3/3
   208 | D:1      | Gained mutation: You may rarely emit foul miasma when
                  | damaged in melee. [demonic ancestry]
   208 | D:1      | Reached XP level 2. HP: 19/19 MP: 3/5
  1082 | D:2      | Gained mutation: You sometimes emit foul miasma when
                  | damaged in melee. [demonic ancestry]
  1082 | D:2      | Reached XP level 3. HP: 23/24 MP: 0/6
  1572 | D:2      | Identified the +4 leather armour "Onkyocor" {Drain rF+
                  | Regen+ Int+2}
  1697 | D:2      | Noticed a scorpion
  1713 | D:2      | Killed a scorpion
  1714 | D:2      | Reached skill level 1 in Fighting
  1714 | D:2      | Reached skill level 5 in Necromancy
  1714 | D:2      | Reached XP level 4. HP: 32/32 MP: 2/8
  2906 | D:3      | Gained mutation: You are partially covered in thin metallic
                  | scales. (AC +2) [demonic ancestry]
  2906 | D:3      | Reached XP level 5. HP: 26/37 MP: 6/9
  3719 | D:4      | Found a hide-covered altar of Uskayaw.
  3806 | D:4      | Found an ancient bone altar of Kikubaaqudgha.
  4177 | D:4      | Became a worshipper of Kikubaaqudgha
  4197 | D:4      | Slain by a wight

Illustrated notes

Levels and vault maps discovered:
D:1:      dpeg_arrival_boxorama, layout_basic, dreamdust_princess_bridge
D:2:      layout_rooms, chequers_serial_rivers_room_b
D:3:      layout_rooms
D:4:      layout_basic, lemuel_mausoleum_altar_kikubaaqudgha,
          mainiacjoe_overflow_cross_hatched, nicolae_vehumet_altar_sigil,
          minmay_temple_entry_offerings, minmay_box_of_dots

Skill      XL: |  1  2  3  4  5 |
---------------+----------------+-----
Stealth        | 2 |  2.3
Dodging        | 2 3 |  3.2
Fighting       | 1 2 |  2.2
Necromancy     | 5 |  5.4
Spellcasting   | 3 |  3.2

Action                     |  1- 3 |  4- 6 || total
---------------------------+-------+-------++-------
  Melee: Dagger            |     3 |    18 ||    21
         Short sword       |       |    47 ||    47
   Cast: Necrotise         |    50 |    69 ||   119
   Stab: Sleeping          |       |     3 ||     3
 Armour: Robe              |     3 |     7 ||    10
  Dodge: Dodged            |    10 |    47 ||    57
